[ PARTIDA AOE2 · #475517388 ]
UnrankedTurcos vs Byzantines
[ ANÁLISIS DE REPETICIÓN · EXTRAÍDO DE LA PARTIDA GRABADA ]
Feudal
10:44
Castillos
19:35
Imperial
33:18
| APM promedio | 28.7 |
| APM pico | 88 |
| eAPM promedio | 17.9 |
| Aldeanos / militares | 107 / 152 |
Foco
⚔️ 48.0% · 🌾 52.0%
Scout Cavalry ×52 · Skirmisher ×46 · Camel Scout ×17 · Janissary ×9 · Bombard Cannon ×9 · Scorpion ×7
Feudal
13:34
Castillos
19:09
Imperial
27:57
| APM promedio | 15.9 |
| APM pico | 53 |
| eAPM promedio | 8.9 |
| Aldeanos / militares | 81 / 88 |
Foco
⚔️ 42.6% · 🌾 57.4%
Camel Scout ×44 · Skirmisher ×32 · Trade Cart ×6 · Bombard Cannon ×5 · Trebuchet (Packed) ×4 · Monk ×2
Feudal
10:04
Castillos
14:54
Imperial
29:40
| APM promedio | 20.3 |
| APM pico | 41 |
| eAPM promedio | 13.5 |
| Aldeanos / militares | 126 / 126 |
Foco
⚔️ 18.7% · 🌾 81.3%
Knight ×64 · Camel Scout ×56 · Bombard Cannon ×6
Feudal
12:57
Castillos
21:48
Imperial
38:08
| APM promedio | 17.9 |
| APM pico | 47 |
| eAPM promedio | 11.3 |
| Aldeanos / militares | 63 / 130 |
Foco
⚔️ 26.8% · 🌾 73.2%
Archer ×128 · Trade Cart ×12 · Monk ×2
Feudal
11:25
Castillos
17:59
Imperial
—
| APM promedio | 28.8 |
| APM pico | 60 |
| eAPM promedio | 19.2 |
| Aldeanos / militares | 127 / 174 |
Foco
⚔️ 17.9% · 🌾 82.1%
Skirmisher ×94 · Archer ×71 · Unknown (1959) ×16 · Spearman ×8 · Battering Ram ×1
Feudal
12:07
Castillos
16:52
Imperial
33:44
| APM promedio | 26.4 |
| APM pico | 59 |
| eAPM promedio | 14.4 |
| Aldeanos / militares | 85 / 83 |
Foco
⚔️ 28.5% · 🌾 71.5%
Genoese Crossbowman ×53 · Battering Ram ×17 · Petard ×6 · Unknown (882) ×4 · Spearman ×3 · Bombard Cannon ×2
Feudal
12:46
Castillos
19:15
Imperial
32:46
| APM promedio | 26.5 |
| APM pico | 77 |
| eAPM promedio | 13.1 |
| Aldeanos / militares | 95 / 131 |
Foco
⚔️ 30.9% · 🌾 69.1%
Scout Cavalry ×91 · Knight ×33 · Battering Ram ×3 · Mangonel ×2 · Monk ×1 · Trade Cart ×1
Feudal
10:51
Castillos
20:34
Imperial
37:23
| APM promedio | 11.0 |
| APM pico | 36 |
| eAPM promedio | 9.1 |
| Aldeanos / militares | 106 / 171 |
Foco
⚔️ 23.7% · 🌾 76.3%
Militia ×165 · Trade Cart ×5 · Battering Ram ×3 · Mangonel ×2 · Monk ×1
Mapa de la partida
Recursos iniciales + cada clic de construcción. Líneas = muros · curvas = relieve. ◆ oro · ⬟ piedra · ● bayas · ✦ reliquia · ◌ hueco del cierre
Tu base· ✓ Cerrada en 19:35 · 0t muro · 3 puerta(s)
Base de Bélisaire· ✓ Cerrada en 19:09 · 0t muro · 2 puerta(s)
Base de lalulelilo· ✓ Cerrada en 14:54 · 0t muro · 3 puerta(s)
Base de BlackDrag0n· ✓ Cerrada en 21:48 · 0t muro · 3 puerta(s)
Base de Aurora· ✓ Cerrada en 17:59 · 0t muro · 3 puerta(s)
Base de PilotePSP· ✓ Cerrada en 16:52 · 0t muro · 2 puerta(s)
Base de 285058791· ✓ Cerrada en 19:15 · 28t muro · 3 puerta(s)
Base de Cow· ✓ Cerrada en 20:34 · 0t muro · 3 puerta(s)
Terreno inicial suavizado · ◌ = hueco del cierre detectado · pasá el cursor para detalles
Inputs por minuto
— MezcalChief - - Bélisaire
Build order — MezcalChief
Primeras 150 de 384 acciones detectadas
| 0:01 | Crear | Villager (Male) |
| 0:01 | Crear | Villager (Male) |
| 0:01 | Crear | Villager (Male) |
| 0:02 | Crear | Villager (Male) |
| 0:07 | Construir | House |
| 0:11 | Construir | House |
| 0:52 | Construir | House |
| 1:09 | Construir | House |
| 2:10 | Crear | Villager (Male) |
| 2:32 | Crear | Villager (Male) |
| 3:06 | Crear | Villager (Male) |
| 3:16 | Crear | Villager (Male) |
| 4:02 | Crear | Villager (Male) |
| 4:33 | Crear | Villager (Male) |
| 4:43 | Crear | Villager (Male) |
| 4:59 | Crear | Villager (Male) |
| 5:40 | Construir | Lumber Camp |
| 5:57 | Crear | Villager (Male) |
| 5:58 | Crear | Villager (Male) |
| 6:06 | Crear | Villager (Male) |
| 7:11 | Crear | Villager (Male) |
| 7:48 | Crear | Villager (Male) |
| 7:57 | Crear | Villager (Male) |
| 8:03 | Construir | Mill |
| 8:34 | Investigar | Feudal Age |
| 9:15 | Construir | House |
| 9:19 | Construir | House |
| 9:36 | Construir | Barracks |
| 10:44 | Edad | Edad Feudal |
| 10:56 | Construir | Gate |
| 11:05 | Crear | Villager (Male) |
| 11:05 | Crear | Villager (Male) |
| 11:05 | Crear | Villager (Male) |
| 11:08 | Investigar | Horse Collar |
| 11:48 | Construir | Archery Range |
| 11:54 | Construir | House |
| 11:58 | Construir | Stable |
| 12:00 | Crear | Villager (Male) |
| 12:03 | Construir | Mining Camp |
| 12:15 | Crear | Villager (Male) |
| 12:17 | Construir | Farm |
| 12:18 | Construir | Farm |
| 12:19 | Construir | Farm |
| 12:19 | Construir | Farm |
| 12:22 | Construir | Farm |
| 12:29 | Construir | Farm |
| 12:41 | Construir | Farm |
| 12:57 | Crear | Villager (Male) |
| 13:12 | Crear | Villager (Male) |
| 13:25 | Construir | Farm |
| 13:30 | Crear | Villager (Male) |
| 13:45 | Crear | Villager (Male) |
| 13:58 | Crear | Villager (Male) |
| 14:36 | Construir | Mining Camp |
| 14:43 | Crear | Villager (Male) |
| 15:14 | Crear | Villager (Male) |
| 15:40 | Construir | Market |
| 16:03 | Crear | Villager (Male) |
| 16:29 | Crear | Villager (Male) |
| 16:50 | Investigar | Castle Age |
| 17:25 | Construir | Farm |
| 17:29 | Construir | Farm |
| 17:35 | Construir | Lumber Camp |
| 18:17 | Investigar | Double-Bit Axe |
| 18:20 | Investigar | Gold Mining |
| 18:22 | Investigar | Stone Mining |
| 18:41 | Construir | Farm |
| 18:42 | Construir | Farm |
| 18:55 | Construir | Farm |
| 19:02 | Crear | Skirmisher |
| 19:13 | Crear | Skirmisher |
| 19:19 | Crear | Skirmisher |
| 19:24 | Crear | Skirmisher |
| 19:32 | Investigar | Bloodlines |
| 19:35 | Edad | Edad de los Castillos |
| 19:38 | Crear | Camel Scout |
| 19:39 | Crear | Scout Cavalry |
| 19:47 | Crear | Scout Cavalry |
| 19:49 | Crear | Scout Cavalry |
| 19:50 | Crear | Camel Scout |
| 19:50 | Crear | Camel Scout |
| 19:53 | Crear | Villager (Male) |
| 20:06 | Crear | Scout Cavalry |
| 20:06 | Crear | Camel Scout |
| 20:16 | Crear | Skirmisher |
| 20:16 | Crear | Skirmisher |
| 20:18 | Crear | Villager (Male) |
| 20:24 | Construir | House |
| 20:26 | Construir | Town Center |
| 20:51 | Construir | Town Center |
| 20:57 | Construir | Town Center |
| 20:58 | Crear | Villager (Male) |
| 21:08 | Construir | Farm |
| 21:16 | Investigar | Bloodlines |
| 21:17 | Investigar | Husbandry |
| 21:24 | Construir | House |
| 21:33 | Crear | Villager (Male) |
| 21:35 | Construir | Farm |
| 21:49 | Construir | Farm |
| 22:01 | Crear | Villager (Male) |
| 22:08 | Construir | Farm |
| 22:30 | Construir | Farm |
| 22:33 | Crear | Villager (Male) |
| 22:35 | Construir | Farm |
| 22:38 | Crear | Villager (Male) |
| 22:40 | Crear | Villager (Male) |
| 22:40 | Crear | Villager (Male) |
| 22:40 | Crear | Villager (Male) |
| 23:00 | Crear | Villager (Male) |
| 23:10 | Construir | Farm |
| 23:10 | Construir | Farm |
| 23:11 | Construir | Farm |
| 23:27 | Crear | Villager (Male) |
| 23:32 | Crear | Villager (Male) |
| 23:33 | Investigar | Wheelbarrow |
| 23:45 | Crear | Villager (Male) |
| 23:46 | Crear | Villager (Male) |
| 24:36 | Crear | Villager (Male) |
| 24:36 | Crear | Villager (Male) |
| 24:36 | Crear | Villager (Male) |
| 24:44 | Construir | House |
| 24:47 | Construir | House |
| 26:05 | Crear | Knight |
| 26:07 | Crear | Knight |
| 26:08 | Crear | Skirmisher |
| 26:09 | Crear | Skirmisher |
| 26:10 | Crear | Cavalry Archer |
| 26:14 | Crear | Skirmisher |
| 26:22 | Crear | Villager (Male) |
| 26:26 | Crear | Villager (Male) |
| 26:40 | Construir | Castle |
| 26:49 | Construir | Mining Camp |
| 26:51 | Crear | Villager (Male) |
| 26:51 | Crear | Villager (Male) |
| 26:52 | Crear | Villager (Male) |
| 26:55 | Construir | Farm |
| 27:00 | Construir | Farm |
| 27:01 | Construir | Farm |
| 27:04 | Construir | Farm |
| 27:13 | Construir | Farm |
| 27:14 | Construir | Farm |
| 27:14 | Construir | Farm |
| 27:15 | Construir | Farm |
| 27:15 | Construir | Farm |
| 27:19 | Crear | Villager (Male) ×5 |
| 27:21 | Crear | Villager (Male) ×5 |
| 27:32 | Crear | Villager (Male) |
| 27:34 | Crear | Villager (Male) |
| 27:38 | Investigar | Bow Saw |
| 27:45 | Investigar | Heavy Plow |
Build order — Bélisaire
Primeras 150 de 257 acciones detectadas
| 0:08 | Investigar | Loom |
| 0:09 | Crear | Villager (Male) |
| 0:10 | Crear | Villager (Male) |
| 0:10 | Crear | Villager (Male) |
| 0:10 | Crear | Villager (Male) |
| 0:10 | Crear | Villager (Male) |
| 0:20 | Construir | House |
| 1:05 | Construir | House |
| 1:10 | Construir | House |
| 1:15 | Construir | House |
| 1:41 | Crear | Villager (Male) |
| 1:41 | Crear | Villager (Male) |
| 2:30 | Crear | Villager (Male) |
| 2:31 | Crear | Villager (Male) |
| 3:07 | Crear | Villager (Male) |
| 3:08 | Crear | Villager (Male) |
| 3:52 | Crear | Villager (Male) |
| 3:52 | Crear | Villager (Male) |
| 3:52 | Crear | Villager (Male) |
| 4:15 | Crear | Villager (Male) |
| 4:15 | Crear | Villager (Male) |
| 4:43 | Crear | Villager (Male) |
| 4:43 | Crear | Villager (Male) |
| 4:43 | Crear | Villager (Male) |
| 5:02 | Construir | Mill |
| 6:18 | Crear | Villager (Male) |
| 6:18 | Crear | Villager (Male) |
| 6:18 | Crear | Villager (Male) |
| 6:19 | Crear | Villager (Male) |
| 6:19 | Crear | Villager (Male) |
| 6:31 | Construir | Lumber Camp |
| 6:41 | Crear | Villager (Male) |
| 6:41 | Crear | Villager (Male) |
| 6:41 | Crear | Villager (Male) |
| 7:13 | Crear | Villager (Male) |
| 7:14 | Crear | Villager (Male) |
| 7:14 | Crear | Villager (Male) |
| 7:14 | Crear | Villager (Male) |
| 7:44 | Crear | Villager (Male) |
| 7:44 | Crear | Villager (Male) |
| 7:45 | Crear | Villager (Male) |
| 7:47 | Crear | Villager (Male) |
| 7:47 | Crear | Villager (Male) |
| 8:11 | Construir | Mill |
| 8:14 | Crear | Villager (Male) |
| 8:38 | Construir | House |
| 9:06 | Crear | Villager (Male) |
| 9:21 | Construir | House |
| 9:27 | Construir | Mining Camp |
| 10:16 | Crear | Villager (Male) |
| 10:17 | Investigar | Feudal Age |
| 10:45 | Crear | Villager (Male) |
| 10:47 | Investigar | Feudal Age |
| 11:38 | Construir | Barracks |
| 12:28 | Construir | Farm |
| 12:31 | Construir | Farm |
| 12:34 | Construir | Farm |
| 13:03 | Construir | Farm |
| 13:06 | Construir | Farm |
| 13:10 | Construir | Farm |
| 13:16 | Construir | House |
| 13:18 | Crear | Villager (Male) |
| 13:19 | Crear | Villager (Male) |
| 13:20 | Crear | Villager (Male) |
| 13:21 | Crear | Villager (Male) |
| 13:34 | Edad | Edad Feudal |
| 13:49 | Construir | Market |
| 14:05 | Construir | Farm |
| 14:15 | Crear | Villager (Male) |
| 14:16 | Crear | Villager (Male) |
| 14:30 | Crear | Villager (Male) |
| 14:31 | Crear | Villager (Male) |
| 15:01 | Construir | Mining Camp |
| 15:14 | Construir | Blacksmith |
| 15:52 | Crear | Villager (Male) |
| 15:53 | Crear | Villager (Male) |
| 15:56 | Crear | Villager (Male) |
| 15:57 | Crear | Villager (Male) |
| 16:01 | Construir | Farm |
| 16:12 | Construir | Stable |
| 16:20 | Investigar | Castle Age |
| 16:21 | Crear | Villager (Male) |
| 16:22 | Crear | Villager (Male) |
| 16:28 | Construir | Farm |
| 17:11 | Construir | Outpost |
| 18:01 | Construir | Archery Range |
| 18:06 | Crear | Villager (Male) |
| 18:09 | Investigar | Gold Mining |
| 18:15 | Investigar | Double-Bit Axe |
| 18:24 | Investigar | Horse Collar |
| 18:30 | Construir | Farm |
| 18:34 | Construir | Farm |
| 18:37 | Construir | Farm |
| 18:40 | Construir | Farm |
| 18:43 | Construir | Farm |
| 18:51 | Construir | Farm |
| 19:05 | Construir | Farm |
| 19:09 | Edad | Edad de los Castillos |
| 19:14 | Crear | Villager (Male) |
| 19:22 | Construir | Farm |
| 19:46 | Investigar | Stone Mining |
| 20:10 | Construir | Mill |
| 20:14 | Crear | Villager (Male) |
| 20:19 | Investigar | Stone Shaft Mining |
| 20:26 | Investigar | Gold Shaft Mining |
| 20:34 | Construir | House |
| 21:31 | Construir | Farm |
| 21:39 | Construir | Farm |
| 21:42 | Crear | Villager (Male) |
| 21:43 | Crear | Villager (Male) |
| 21:45 | Crear | Villager (Male) |
| 21:48 | Investigar | Bow Saw |
| 21:57 | Crear | Villager (Male) |
| 22:00 | Crear | Villager (Male) |
| 22:01 | Crear | Villager (Male) |
| 22:42 | Construir | Monastery |
| 22:48 | Crear | Villager (Male) |
| 23:24 | Crear | Villager (Male) |
| 23:26 | Crear | Villager (Male) |
| 23:40 | Construir | Siege Workshop |
| 24:19 | Construir | Castle |
| 24:25 | Investigar | Fletching |
| 24:35 | Construir | Farm |
| 24:43 | Construir | House |
| 24:45 | Investigar | Imperial Age |
| 24:49 | Crear | Villager (Male) |
| 24:50 | Crear | Villager (Male) |
| 25:15 | Investigar | Husbandry |
| 25:44 | Construir | House |
| 25:49 | Crear | Camel Scout |
| 25:49 | Crear | Camel Scout |
| 25:49 | Crear | Camel Scout |
| 26:02 | Investigar | Bodkin Arrow |
| 26:02 | Investigar | Forging |
| 26:42 | Construir | University |
| 26:45 | Crear | Monk |
| 27:30 | Construir | Town Center |
| 27:49 | Crear | Camel Scout |
| 27:51 | Crear | Camel Scout |
| 27:57 | Edad | Edad Imperial |
| 28:00 | Crear | Trebuchet (Packed) |
| 28:21 | Construir | Siege Workshop |
| 28:32 | Crear | Monk |
| 29:08 | Crear | Trebuchet (Packed) |
| 29:48 | Investigar | Scale Barding Armor |
| 29:49 | Investigar | Iron Casting |
| 30:06 | Construir | Stable |
| 30:09 | Crear | Villager (Male) |
| 30:10 | Crear | Villager (Male) |
| 30:11 | Crear | Villager (Male) |
Build order — lalulelilo
Primeras 150 de 339 acciones detectadas
| 0:03 | Crear | Villager (Male) |
| 0:03 | Crear | Villager (Male) |
| 0:03 | Crear | Villager (Male) |
| 0:06 | Construir | House |
| 0:08 | Construir | House |
| 0:15 | Crear | Villager (Male) |
| 1:15 | Crear | Villager (Male) |
| 1:36 | Crear | Villager (Male) |
| 1:59 | Crear | Villager (Male) |
| 2:30 | Construir | Lumber Camp |
| 2:41 | Crear | Villager (Male) |
| 3:03 | Crear | Villager (Male) |
| 3:37 | Crear | Villager (Male) |
| 3:43 | Construir | House |
| 4:09 | Construir | Mill |
| 4:29 | Crear | Villager (Male) |
| 4:29 | Crear | Villager (Male) |
| 4:47 | Crear | Villager (Male) |
| 5:04 | Crear | Villager (Male) |
| 6:06 | Crear | Villager (Male) |
| 6:13 | Construir | House |
| 6:33 | Construir | Mining Camp |
| 6:36 | Crear | Villager (Male) |
| 7:03 | Crear | Villager (Male) |
| 7:28 | Crear | Villager (Male) |
| 8:01 | Investigar | Feudal Age |
| 8:09 | Construir | Mill |
| 10:04 | Edad | Edad Feudal |
| 10:11 | Investigar | Wheelbarrow |
| 11:23 | Construir | Market |
| 11:36 | Construir | Blacksmith |
| 11:55 | Construir | Lumber Camp |
| 12:01 | Crear | Villager (Male) |
| 12:28 | Investigar | Castle Age |
| 12:37 | Construir | House |
| 13:33 | Construir | House |
| 13:52 | Construir | Mining Camp |
| 13:56 | Investigar | Double-Bit Axe |
| 14:14 | Investigar | Horse Collar |
| 14:54 | Edad | Edad de los Castillos |
| 15:02 | Construir | Town Center |
| 15:29 | Investigar | Bow Saw |
| 15:41 | Crear | Villager (Male) |
| 16:09 | Crear | Villager (Male) |
| 16:10 | Crear | Villager (Male) |
| 17:02 | Construir | Town Center |
| 17:08 | Construir | Town Center |
| 17:14 | Crear | Villager (Male) |
| 17:14 | Crear | Villager (Male) |
| 17:14 | Crear | Villager (Male) |
| 17:19 | Construir | Farm |
| 17:25 | Construir | Farm |
| 17:39 | Crear | Villager (Male) |
| 17:39 | Crear | Villager (Male) |
| 17:42 | Construir | Farm |
| 18:09 | Crear | Villager (Male) |
| 18:10 | Crear | Villager (Male) |
| 18:25 | Construir | Farm |
| 18:29 | Construir | Farm |
| 18:37 | Construir | Farm |
| 19:01 | Crear | Villager (Male) |
| 19:14 | Construir | Farm |
| 19:14 | Construir | Farm |
| 19:14 | Construir | Farm |
| 19:15 | Construir | Farm |
| 19:15 | Construir | Farm |
| 19:15 | Construir | Farm |
| 19:25 | Crear | Villager (Male) |
| 19:34 | Crear | Villager (Male) |
| 19:35 | Crear | Villager (Male) |
| 19:35 | Crear | Villager (Male) |
| 19:35 | Crear | Villager (Male) |
| 19:38 | Construir | Farm |
| 20:02 | Crear | Villager (Male) |
| 20:02 | Crear | Villager (Male) |
| 20:07 | Construir | Farm |
| 20:08 | Crear | Villager (Male) |
| 20:17 | Construir | Farm |
| 20:19 | Construir | Farm |
| 20:24 | Construir | Farm |
| 20:29 | Construir | Farm |
| 20:29 | Crear | Villager (Male) |
| 20:40 | Crear | Villager (Male) |
| 20:41 | Crear | Villager (Male) |
| 20:44 | Construir | Farm |
| 20:49 | Crear | Villager (Male) |
| 20:57 | Construir | Farm |
| 21:08 | Construir | Farm |
| 21:11 | Crear | Villager (Male) |
| 21:14 | Construir | Farm |
| 21:16 | Crear | Villager (Male) |
| 21:18 | Crear | Villager (Male) |
| 21:18 | Crear | Villager (Male) |
| 21:33 | Crear | Villager (Male) |
| 21:38 | Construir | House |
| 21:40 | Construir | House |
| 21:46 | Construir | Lumber Camp |
| 21:50 | Construir | Farm |
| 21:51 | Crear | Villager (Male) |
| 21:51 | Crear | Villager (Male) |
| 21:52 | Crear | Villager (Male) |
| 21:54 | Construir | Farm |
| 21:57 | Construir | Farm |
| 21:57 | Construir | Farm |
| 22:08 | Construir | House |
| 22:10 | Construir | House |
| 22:28 | Crear | Villager (Male) |
| 22:29 | Crear | Villager (Male) |
| 22:29 | Crear | Villager (Male) |
| 22:29 | Crear | Villager (Male) |
| 22:45 | Construir | Farm |
| 22:46 | Crear | Villager (Male) |
| 22:46 | Crear | Villager (Male) |
| 22:46 | Crear | Villager (Male) |
| 22:50 | Construir | Barracks |
| 22:56 | Construir | Farm |
| 23:02 | Construir | Farm |
| 23:12 | Construir | Farm |
| 23:14 | Construir | Farm |
| 23:16 | Crear | Villager (Male) |
| 23:16 | Crear | Villager (Male) |
| 23:30 | Construir | Castle |
| 23:36 | Construir | Farm |
| 23:37 | Crear | Villager (Male) |
| 23:37 | Crear | Villager (Male) |
| 23:38 | Crear | Villager (Male) |
| 23:49 | Crear | Villager (Male) |
| 23:49 | Crear | Villager (Male) |
| 23:49 | Crear | Villager (Male) |
| 23:50 | Crear | Villager (Male) |
| 23:52 | Construir | Farm |
| 23:52 | Construir | Farm |
| 23:55 | Construir | Farm |
| 24:33 | Construir | Farm |
| 24:34 | Crear | Villager (Male) |
| 24:34 | Crear | Villager (Male) |
| 24:34 | Crear | Villager (Male) |
| 24:35 | Crear | Villager (Male) |
| 24:35 | Crear | Villager (Male) |
| 24:37 | Construir | House |
| 24:37 | Construir | House |
| 24:38 | Construir | House |
| 24:38 | Construir | House |
| 24:38 | Construir | House |
| 24:39 | Construir | House |
| 24:39 | Construir | House |
| 24:39 | Construir | House |
| 25:52 | Crear | Villager (Male) |
| 25:52 | Crear | Villager (Male) |
| 25:52 | Crear | Villager (Male) |
Build order — BlackDrag0n
Primeras 150 de 236 acciones detectadas
| 0:08 | Crear | Villager (Male) ×4 |
| 0:08 | Crear | Villager (Male) ×4 |
| 0:20 | Construir | House |
| 0:21 | Construir | House |
| 0:22 | Construir | House |
| 0:23 | Construir | House |
| 1:51 | Crear | Villager (Male) |
| 2:19 | Construir | House |
| 2:33 | Crear | Villager (Male) |
| 2:59 | Crear | Villager (Male) |
| 3:25 | Construir | Mill |
| 3:30 | Crear | Villager (Male) |
| 3:53 | Crear | Villager (Male) |
| 4:14 | Crear | Villager (Male) |
| 4:33 | Crear | Villager (Male) |
| 4:53 | Crear | Villager (Male) |
| 5:13 | Crear | Villager (Male) |
| 6:04 | Crear | Villager (Male) |
| 6:11 | Crear | Villager (Male) |
| 6:25 | Construir | Lumber Camp |
| 6:30 | Crear | Villager (Male) |
| 6:41 | Crear | Villager (Male) |
| 7:06 | Crear | Villager (Male) |
| 7:56 | Crear | Villager (Male) |
| 8:12 | Crear | Villager (Male) |
| 8:33 | Construir | Mining Camp |
| 8:43 | Crear | Villager (Male) |
| 8:58 | Crear | Villager (Male) |
| 9:43 | Crear | Villager (Male) |
| 10:04 | Crear | Villager (Male) |
| 10:12 | Construir | House |
| 10:14 | Construir | House |
| 10:15 | Construir | House |
| 10:41 | Investigar | Feudal Age |
| 11:15 | Construir | House |
| 11:16 | Construir | House |
| 11:23 | Construir | Farm |
| 11:27 | Construir | Farm |
| 11:34 | Construir | Farm |
| 11:38 | Construir | Farm |
| 11:48 | Construir | Farm |
| 12:05 | Crear | Villager (Male) |
| 12:06 | Crear | Villager (Male) |
| 12:18 | Construir | Farm |
| 12:23 | Construir | Farm |
| 12:56 | Crear | Villager (Male) |
| 12:57 | Edad | Edad Feudal |
| 12:59 | Investigar | Double-Bit Axe |
| 13:08 | Construir | Farm |
| 13:59 | Construir | Mining Camp |
| 14:03 | Crear | Villager (Male) |
| 14:04 | Crear | Villager (Male) |
| 14:10 | Construir | Farm |
| 14:14 | Construir | Farm |
| 14:22 | Construir | Farm |
| 14:43 | Construir | Farm |
| 14:48 | Crear | Villager (Male) |
| 14:48 | Crear | Villager (Male) |
| 15:04 | Investigar | Gold Mining |
| 15:23 | Investigar | Stone Mining |
| 15:45 | Crear | Villager (Male) |
| 15:56 | Crear | Villager (Male) |
| 16:24 | Construir | Blacksmith |
| 16:32 | Crear | Villager (Male) |
| 16:51 | Construir | Barracks |
| 17:04 | Construir | Market |
| 17:16 | Construir | House |
| 17:17 | Construir | House |
| 17:18 | Construir | House |
| 17:21 | Construir | House |
| 17:53 | Crear | Villager (Male) |
| 17:53 | Crear | Villager (Male) |
| 17:53 | Crear | Villager (Male) |
| 18:25 | Investigar | Castle Age |
| 18:35 | Construir | Archery Range |
| 18:35 | Construir | Archery Range |
| 18:54 | Investigar | Fletching |
| 19:42 | Crear | Archer |
| 19:42 | Crear | Archer |
| 19:42 | Crear | Archer |
| 19:42 | Crear | Archer |
| 19:47 | Construir | Farm |
| 19:53 | Construir | House |
| 19:54 | Construir | House |
| 19:55 | Construir | House |
| 19:56 | Construir | House |
| 19:57 | Construir | House |
| 19:57 | Construir | House |
| 19:59 | Construir | House |
| 20:00 | Construir | House |
| 20:03 | Construir | House |
| 20:10 | Construir | Farm |
| 20:18 | Crear | Archer |
| 20:35 | Construir | Archery Range |
| 20:39 | Crear | Archer |
| 20:39 | Crear | Archer |
| 20:39 | Crear | Archer |
| 20:39 | Crear | Archer |
| 20:40 | Crear | Archer |
| 20:40 | Crear | Archer |
| 20:40 | Crear | Archer |
| 20:45 | Crear | Villager (Male) |
| 20:45 | Crear | Villager (Male) |
| 20:52 | Investigar | Horse Collar |
| 21:13 | Crear | Trade Cart |
| 21:48 | Edad | Edad de los Castillos |
| 21:57 | Construir | Castle |
| 22:06 | Investigar | Bow Saw |
| 22:17 | Crear | Archer |
| 22:17 | Crear | Archer |
| 22:18 | Crear | Archer |
| 22:24 | Crear | Villager (Male) |
| 22:41 | Crear | Villager (Male) |
| 23:25 | Construir | Farm |
| 23:28 | Crear | Villager (Male) |
| 23:28 | Crear | Villager (Male) |
| 23:33 | Crear | Villager (Male) |
| 23:38 | Construir | Farm |
| 23:49 | Crear | Trade Cart |
| 23:49 | Crear | Trade Cart |
| 24:14 | Construir | University |
| 25:05 | Investigar | Crossbowman (upgrade) |
| 25:05 | Crear | Archer ×2 |
| 25:05 | Crear | Archer ×2 |
| 26:03 | Crear | Archer |
| 26:04 | Crear | Archer |
| 26:04 | Crear | Archer |
| 26:11 | Construir | Monastery |
| 26:21 | Crear | Archer |
| 26:21 | Crear | Archer |
| 26:40 | Crear | Archer |
| 26:40 | Crear | Archer |
| 27:09 | Crear | Villager (Male) |
| 27:10 | Crear | Villager (Male) |
| 27:11 | Crear | Villager (Male) |
| 27:19 | Crear | Monk |
| 27:44 | Construir | Mining Camp |
| 27:47 | Investigar | Wheelbarrow |
| 27:50 | Crear | Villager (Male) |
| 28:15 | Crear | Trade Cart |
| 28:15 | Crear | Trade Cart |
| 28:39 | Construir | Stone Wall |
| 28:53 | Construir | Mining Camp |
| 29:04 | Crear | Monk |
| 29:41 | Investigar | Bodkin Arrow |
| 29:58 | Crear | Villager (Male) |
| 29:58 | Crear | Villager (Male) |
| 29:58 | Crear | Villager (Male) |
| 30:16 | Construir | Town Center |
| 30:21 | Crear | Trade Cart |
Build order — Aurora
Primeras 150 de 278 acciones detectadas
| 0:02 | Construir | House |
| 0:04 | Construir | House |
| 0:05 | Crear | Villager (Male) |
| 0:05 | Crear | Villager (Male) |
| 0:24 | Crear | Villager (Male) |
| 0:49 | Crear | Villager (Male) |
| 1:38 | Crear | Villager (Male) |
| 2:13 | Crear | Villager (Male) |
| 2:13 | Crear | Villager (Male) |
| 2:19 | Construir | Lumber Camp |
| 2:30 | Crear | Villager (Male) |
| 3:06 | Crear | Villager (Male) |
| 3:06 | Crear | Villager (Male) |
| 3:46 | Crear | Villager (Male) |
| 4:01 | Construir | House |
| 4:03 | Construir | House |
| 4:08 | Crear | Villager (Male) |
| 4:19 | Crear | Villager (Male) |
| 4:45 | Construir | House |
| 4:50 | Crear | Villager (Male) |
| 5:24 | Crear | Villager (Male) |
| 5:24 | Crear | Villager (Male) |
| 6:25 | Construir | Mill |
| 6:45 | Crear | Villager (Male) |
| 6:51 | Crear | Villager (Male) |
| 7:01 | Crear | Villager (Male) |
| 7:13 | Crear | Villager (Male) |
| 7:14 | Crear | Villager (Male) |
| 8:33 | Crear | Villager (Male) |
| 8:50 | Construir | Mill |
| 8:56 | Construir | Mining Camp |
| 9:00 | Investigar | Feudal Age |
| 10:54 | Crear | Villager (Male) |
| 10:55 | Crear | Villager (Male) |
| 11:16 | Construir | Farm |
| 11:17 | Construir | Farm |
| 11:18 | Construir | Farm |
| 11:19 | Construir | Farm |
| 11:24 | Construir | Farm |
| 11:25 | Edad | Edad Feudal |
| 11:26 | Construir | Farm |
| 11:29 | Investigar | Double-Bit Axe |
| 11:30 | Crear | Villager (Male) |
| 11:37 | Construir | Blacksmith |
| 11:48 | Construir | House |
| 11:49 | Construir | House |
| 11:54 | Crear | Villager (Male) |
| 12:38 | Investigar | Horse Collar |
| 12:41 | Crear | Villager (Male) |
| 12:49 | Construir | Farm |
| 12:53 | Construir | Farm |
| 12:54 | Construir | Farm |
| 13:05 | Crear | Villager (Male) |
| 13:12 | Construir | House |
| 13:50 | Construir | Market |
| 13:56 | Crear | Villager (Male) |
| 13:56 | Crear | Villager (Male) |
| 14:12 | Construir | House |
| 14:13 | Construir | House |
| 14:23 | Construir | Farm |
| 14:25 | Construir | Farm |
| 14:27 | Crear | Villager (Male) |
| 14:40 | Investigar | Gold Mining |
| 15:19 | Investigar | Castle Age |
| 15:19 | Investigar | Castle Age |
| 15:19 | Investigar | Castle Age |
| 15:30 | Construir | Barracks |
| 15:33 | Construir | House |
| 15:49 | Construir | Lumber Camp |
| 15:58 | Construir | Farm |
| 16:08 | Construir | Farm |
| 16:24 | Investigar | Wheelbarrow |
| 16:35 | Crear | Spearman |
| 16:35 | Crear | Spearman |
| 16:58 | Crear | Spearman |
| 17:02 | Construir | Archery Range |
| 17:22 | Crear | Spearman |
| 17:33 | Crear | Spearman |
| 17:59 | Edad | Edad de los Castillos |
| 18:06 | Crear | Villager (Male) |
| 18:06 | Crear | Villager (Male) |
| 18:15 | Construir | Town Center |
| 18:26 | Crear | Archer |
| 18:26 | Crear | Archer |
| 19:25 | Crear | Villager (Male) |
| 19:25 | Crear | Villager (Male) |
| 19:25 | Crear | Villager (Male) |
| 19:27 | Crear | Villager (Male) |
| 19:27 | Crear | Villager (Male) |
| 19:31 | Investigar | Bow Saw |
| 19:40 | Construir | Siege Workshop |
| 19:47 | Investigar | Squires |
| 19:52 | Crear | Villager (Male) |
| 19:53 | Crear | Villager (Male) |
| 19:53 | Crear | Villager (Male) |
| 19:55 | Investigar | Heavy Plow |
| 20:30 | Construir | Town Center |
| 20:34 | Crear | Battering Ram |
| 20:41 | Construir | House |
| 20:45 | Crear | Villager (Male) |
| 20:48 | Investigar | Stone Mining |
| 20:53 | Construir | Mining Camp |
| 21:04 | Crear | Villager (Male) |
| 21:04 | Crear | Villager (Male) |
| 21:10 | Crear | Skirmisher |
| 21:10 | Crear | Skirmisher |
| 21:14 | Construir | House |
| 21:16 | Construir | House |
| 21:23 | Crear | Villager (Male) |
| 21:24 | Crear | Villager (Male) |
| 21:45 | Construir | House |
| 21:49 | Construir | House |
| 21:53 | Construir | Farm |
| 22:02 | Crear | Villager (Male) |
| 22:02 | Crear | Villager (Male) |
| 22:07 | Crear | Skirmisher |
| 22:09 | Crear | Archer |
| 22:10 | Crear | Archer |
| 22:22 | Construir | Market |
| 23:29 | Construir | Town Center |
| 24:32 | Construir | Mining Camp |
| 25:02 | Construir | Mill |
| 25:35 | Construir | Farm |
| 25:36 | Construir | Farm |
| 25:36 | Construir | Farm |
| 25:36 | Construir | Farm |
| 25:37 | Construir | Farm |
| 25:37 | Construir | Farm |
| 25:37 | Construir | Farm |
| 25:38 | Construir | Farm |
| 25:38 | Construir | Farm |
| 25:45 | Crear | Villager (Male) |
| 25:45 | Crear | Villager (Male) |
| 25:45 | Crear | Villager (Male) |
| 25:50 | Construir | Farm |
| 26:20 | Construir | Farm |
| 26:27 | Construir | Farm |
| 26:28 | Construir | Farm |
| 26:28 | Construir | Farm |
| 26:28 | Construir | Farm |
| 26:28 | Construir | Farm |
| 26:29 | Construir | Farm |
| 26:29 | Construir | Farm |
| 26:29 | Construir | Farm |
| 26:48 | Construir | House |
| 26:49 | Construir | House |
| 26:49 | Construir | House |
| 26:51 | Construir | House |
| 26:52 | Construir | House |
| 26:53 | Construir | House |
Build order — PilotePSP
Primeras 150 de 227 acciones detectadas
| 0:02 | Investigar | Loom |
| 0:03 | Crear | Villager (Male) |
| 0:03 | Crear | Villager (Male) |
| 0:03 | Crear | Villager (Male) |
| 0:04 | Crear | Villager (Male) |
| 0:04 | Crear | Villager (Male) |
| 0:13 | Construir | House |
| 0:15 | Construir | House |
| 0:16 | Construir | House |
| 0:18 | Construir | House |
| 0:44 | Crear | Villager (Male) |
| 0:45 | Crear | Villager (Male) |
| 0:45 | Crear | Villager (Male) |
| 0:45 | Crear | Villager (Male) |
| 1:47 | Crear | Villager (Male) |
| 1:48 | Crear | Villager (Male) |
| 2:17 | Crear | Villager (Male) |
| 2:48 | Construir | House |
| 2:59 | Crear | Villager (Male) |
| 2:59 | Crear | Villager (Male) |
| 3:40 | Crear | Villager (Male) |
| 3:40 | Crear | Villager (Male) |
| 3:41 | Crear | Villager (Male) |
| 4:01 | Crear | Villager (Male) |
| 4:35 | Crear | Villager (Male) |
| 4:35 | Crear | Villager (Male) |
| 5:04 | Crear | Villager (Male) |
| 5:04 | Crear | Villager (Male) |
| 5:04 | Crear | Villager (Male) |
| 5:45 | Crear | Villager (Male) |
| 5:45 | Crear | Villager (Male) |
| 5:50 | Construir | Lumber Camp |
| 6:24 | Crear | Villager (Male) |
| 6:25 | Crear | Villager (Male) |
| 6:49 | Construir | Mill |
| 6:59 | Crear | Villager (Male) |
| 6:59 | Crear | Villager (Male) |
| 7:00 | Crear | Villager (Male) |
| 7:00 | Crear | Villager (Male) |
| 7:00 | Crear | Villager (Male) |
| 7:00 | Crear | Villager (Male) |
| 7:44 | Crear | Villager (Male) |
| 7:44 | Crear | Villager (Male) |
| 7:53 | Construir | Farm |
| 7:57 | Construir | Farm |
| 8:10 | Construir | Mining Camp |
| 8:48 | Construir | Farm |
| 8:51 | Construir | Farm |
| 8:52 | Construir | Farm |
| 9:32 | Crear | Villager (Male) |
| 9:38 | Investigar | Feudal Age |
| 9:46 | Construir | Mill |
| 10:20 | Construir | Barracks |
| 10:53 | Construir | Mining Camp |
| 11:23 | Construir | House |
| 11:26 | Construir | House |
| 11:36 | Crear | Villager (Male) |
| 11:36 | Crear | Villager (Male) |
| 12:07 | Edad | Edad Feudal |
| 12:35 | Construir | Market |
| 12:51 | Crear | Villager (Male) |
| 13:11 | Construir | Stable |
| 13:29 | Construir | Farm |
| 13:35 | Construir | Farm |
| 13:47 | Crear | Villager (Male) |
| 14:11 | Investigar | Castle Age |
| 14:33 | Construir | Blacksmith |
| 14:52 | Construir | Farm |
| 14:54 | Construir | Farm |
| 15:22 | Crear | Spearman |
| 15:49 | Investigar | Forging |
| 15:50 | Investigar | Fletching |
| 16:31 | Crear | Spearman |
| 16:52 | Edad | Edad de los Castillos |
| 17:15 | Construir | Castle |
| 17:30 | Construir | House |
| 17:56 | Construir | Siege Workshop |
| 18:35 | Construir | House |
| 19:32 | Crear | Genoese Crossbowman |
| 19:33 | Crear | Genoese Crossbowman |
| 19:33 | Crear | Genoese Crossbowman |
| 19:55 | Investigar | Double-Bit Axe |
| 20:03 | Crear | Villager (Male) |
| 20:03 | Crear | Villager (Male) |
| 20:03 | Crear | Villager (Male) |
| 20:04 | Crear | Villager (Male) |
| 20:04 | Crear | Villager (Male) |
| 20:04 | Crear | Villager (Male) |
| 20:04 | Crear | Villager (Male) |
| 20:52 | Construir | Mining Camp |
| 21:08 | Crear | Petard |
| 21:08 | Crear | Petard |
| 21:25 | Investigar | Town Watch |
| 21:31 | Crear | Villager (Male) |
| 21:32 | Crear | Villager (Male) |
| 21:43 | Crear | Petard |
| 22:35 | Construir | Castle |
| 22:45 | Construir | House |
| 23:02 | Crear | Battering Ram |
| 23:02 | Crear | Battering Ram |
| 23:16 | Crear | Genoese Crossbowman |
| 23:16 | Crear | Genoese Crossbowman |
| 24:32 | Crear | Villager (Male) |
| 24:32 | Crear | Villager (Male) |
| 24:32 | Crear | Villager (Male) |
| 24:32 | Crear | Villager (Male) |
| 24:42 | Construir | Lumber Camp |
| 25:10 | Investigar | Bodkin Arrow |
| 25:20 | Investigar | Bow Saw |
| 25:37 | Crear | Battering Ram |
| 25:53 | Investigar | Horse Collar |
| 25:59 | Crear | Villager (Male) |
| 25:59 | Crear | Villager (Male) |
| 26:00 | Crear | Villager (Male) |
| 26:00 | Crear | Villager (Male) |
| 26:00 | Crear | Villager (Male) |
| 26:09 | Construir | Lumber Camp |
| 26:38 | Construir | Outpost |
| 27:20 | Crear | Genoese Crossbowman |
| 27:20 | Crear | Genoese Crossbowman |
| 27:41 | Construir | Outpost |
| 28:12 | Construir | Town Center |
| 29:16 | Construir | Siege Workshop |
| 29:18 | Construir | Siege Workshop |
| 30:09 | Construir | Castle |
| 30:34 | Investigar | Imperial Age |
| 30:39 | Investigar | Wheelbarrow |
| 30:57 | Crear | Battering Ram |
| 30:57 | Crear | Battering Ram |
| 30:57 | Crear | Battering Ram |
| 31:12 | Construir | University |
| 31:21 | Crear | Battering Ram |
| 31:21 | Crear | Battering Ram |
| 31:31 | Crear | Villager (Male) |
| 31:31 | Crear | Villager (Male) |
| 31:31 | Crear | Villager (Male) |
| 31:38 | Crear | Villager (Male) |
| 31:38 | Crear | Villager (Male) |
| 31:54 | Crear | Battering Ram |
| 32:42 | Construir | Mining Camp |
| 33:16 | Crear | Battering Ram |
| 33:44 | Edad | Edad Imperial |
| 33:52 | Investigar | Capped Ram (upgrade) |
| 33:55 | Crear | Battering Ram |
| 33:55 | Crear | Battering Ram |
| 34:33 | Crear | Battering Ram ×2 |
| 34:34 | Crear | Battering Ram ×2 |
| 35:24 | Crear | Genoese Crossbowman ×5 |
| 35:56 | Crear | Spearman |
| 36:03 | Construir | Town Center |
Build order — 285058791
Primeras 150 de 251 acciones detectadas
| 0:10 | Investigar | Loom |
| 0:11 | Crear | Villager (Male) |
| 0:17 | Construir | House |
| 0:19 | Construir | House |
| 0:22 | Construir | House |
| 0:23 | Construir | House |
| 1:41 | Crear | Villager (Male) |
| 1:42 | Crear | Villager (Male) |
| 1:42 | Crear | Villager (Male) |
| 1:42 | Crear | Villager (Male) |
| 2:38 | Construir | House |
| 2:53 | Crear | Villager (Male) |
| 3:26 | Construir | Lumber Camp |
| 3:42 | Crear | Villager (Male) |
| 3:45 | Crear | Villager (Male) |
| 4:35 | Crear | Villager (Male) |
| 4:51 | Crear | Villager (Male) |
| 5:09 | Crear | Villager (Male) |
| 5:27 | Crear | Villager (Male) |
| 6:24 | Crear | Villager (Male) |
| 6:27 | Crear | Villager (Male) |
| 6:45 | Construir | Mill |
| 7:07 | Crear | Villager (Male) |
| 7:24 | Crear | Villager (Male) |
| 7:37 | Crear | Villager (Male) |
| 7:50 | Crear | Villager (Male) |
| 8:56 | Crear | Villager (Male) |
| 9:14 | Crear | Villager (Male) |
| 9:39 | Crear | Villager (Male) |
| 10:04 | Construir | Mill |
| 10:09 | Crear | Villager (Male) |
| 10:27 | Investigar | Feudal Age |
| 11:16 | Construir | Barracks |
| 11:56 | Construir | Mining Camp |
| 12:01 | Construir | Mining Camp |
| 12:42 | Construir | House |
| 12:43 | Construir | House |
| 12:46 | Edad | Edad Feudal |
| 12:52 | Investigar | Double-Bit Axe |
| 12:59 | Construir | Farm |
| 13:02 | Crear | Villager (Male) |
| 13:04 | Crear | Villager (Male) |
| 13:56 | Construir | Market |
| 14:02 | Construir | Farm |
| 14:03 | Crear | Villager (Male) |
| 14:12 | Construir | Blacksmith |
| 14:14 | Construir | House |
| 14:26 | Crear | Villager (Male) |
| 14:31 | Construir | Farm |
| 14:34 | Crear | Villager (Male) |
| 14:56 | Construir | Farm |
| 14:58 | Crear | Villager (Male) |
| 15:25 | Construir | Farm |
| 15:29 | Crear | Villager (Male) |
| 15:37 | Construir | House |
| 15:38 | Construir | House |
| 15:48 | Construir | House |
| 15:50 | Construir | House |
| 16:03 | Construir | Stone Wall |
| 16:08 | Construir | Stone Wall |
| 16:11 | Construir | Gate |
| 16:17 | Construir | Farm |
| 16:18 | Construir | Farm |
| 16:32 | Construir | Lumber Camp |
| 16:35 | Investigar | Castle Age |
| 17:00 | Construir | House |
| 17:02 | Construir | House |
| 17:03 | Construir | House |
| 17:06 | Construir | House |
| 17:07 | Construir | House |
| 19:15 | Edad | Edad de los Castillos |
| 19:20 | Construir | Town Center |
| 19:23 | Investigar | Bow Saw |
| 19:43 | Construir | Town Center |
| 19:49 | Crear | Villager (Male) |
| 19:50 | Crear | Villager (Male) |
| 20:17 | Construir | Mining Camp |
| 20:22 | Construir | Stable |
| 20:31 | Construir | Farm |
| 20:32 | Crear | Villager (Male) |
| 20:37 | Crear | Villager (Male) ×5 |
| 20:42 | Construir | Farm |
| 20:48 | Construir | Farm |
| 20:51 | Crear | Villager (Male) |
| 21:30 | Construir | Farm |
| 21:41 | Crear | Trade Cart |
| 21:48 | Construir | Farm |
| 21:50 | Construir | Farm |
| 21:52 | Crear | Villager (Male) |
| 21:56 | Crear | Villager (Male) |
| 22:00 | Crear | Villager (Male) |
| 22:01 | Crear | Villager (Male) |
| 22:05 | Crear | Villager (Male) |
| 22:05 | Crear | Villager (Male) |
| 22:10 | Construir | Farm |
| 22:11 | Construir | Farm |
| 22:26 | Crear | Knight |
| 22:39 | Construir | Mining Camp |
| 22:47 | Investigar | Forging |
| 23:22 | Construir | Farm |
| 23:23 | Construir | Farm |
| 23:26 | Crear | Villager (Male) |
| 23:26 | Crear | Villager (Male) |
| 23:56 | Investigar | Husbandry |
| 24:03 | Crear | Villager (Male) |
| 24:03 | Crear | Villager (Male) |
| 24:10 | Construir | Stable |
| 24:20 | Construir | Siege Workshop |
| 24:46 | Construir | Farm |
| 24:48 | Crear | Villager (Male) |
| 25:01 | Construir | Monastery |
| 25:05 | Construir | Farm |
| 25:07 | Crear | Villager (Male) |
| 25:32 | Construir | Market |
| 25:45 | Construir | Stone Wall |
| 25:52 | Crear | Monk |
| 25:54 | Construir | Farm |
| 25:56 | Crear | Villager (Male) |
| 25:59 | Construir | Farm |
| 26:00 | Construir | Farm |
| 26:02 | Crear | Villager (Male) |
| 26:03 | Crear | Villager (Male) |
| 26:41 | Construir | Castle |
| 26:47 | Investigar | Gold Mining |
| 26:48 | Investigar | Stone Mining |
| 26:50 | Construir | Farm |
| 26:54 | Construir | Farm |
| 26:56 | Crear | Villager (Male) |
| 26:56 | Crear | Villager (Male) |
| 26:56 | Crear | Villager (Male) |
| 27:00 | Crear | Villager (Male) ×5 |
| 27:09 | Construir | Farm |
| 27:10 | Construir | Farm |
| 27:12 | Construir | Farm |
| 27:12 | Construir | Farm |
| 27:16 | Construir | Farm |
| 27:18 | Crear | Villager (Male) |
| 27:18 | Crear | Villager (Male) |
| 27:37 | Construir | Siege Workshop |
| 27:49 | Investigar | Caravan |
| 27:52 | Construir | House |
| 27:54 | Construir | House |
| 27:56 | Construir | House |
| 27:59 | Construir | House |
| 28:30 | Crear | Mangonel |
| 28:49 | Construir | House |
| 28:51 | Construir | House |
| 28:56 | Construir | House |
| 28:57 | Construir | House |
| 29:25 | Construir | Mining Camp |
Build order — Cow
Primeras 150 de 257 acciones detectadas
| 0:06 | Construir | House |
| 0:09 | Construir | House |
| 0:16 | Crear | Villager (Male) ×4 |
| 1:43 | Crear | Villager (Male) |
| 1:44 | Crear | Villager (Male) |
| 1:44 | Crear | Villager (Male) |
| 2:31 | Crear | Villager (Male) |
| 2:32 | Crear | Villager (Male) |
| 2:58 | Crear | Villager (Male) |
| 2:58 | Crear | Villager (Male) |
| 3:30 | Construir | Lumber Camp |
| 3:35 | Crear | Villager (Male) |
| 3:36 | Crear | Villager (Male) |
| 3:36 | Crear | Villager (Male) |
| 4:01 | Crear | Villager (Male) |
| 4:02 | Crear | Villager (Male) |
| 4:07 | Construir | House |
| 4:22 | Construir | Mill |
| 4:30 | Crear | Villager (Male) |
| 4:30 | Crear | Villager (Male) |
| 5:20 | Crear | Villager (Male) |
| 5:21 | Crear | Villager (Male) |
| 5:23 | Crear | Villager (Male) |
| 5:45 | Crear | Villager (Male) |
| 5:45 | Crear | Villager (Male) |
| 6:14 | Crear | Villager (Male) |
| 6:14 | Crear | Villager (Male) |
| 6:23 | Construir | House |
| 6:40 | Crear | Villager (Male) |
| 6:41 | Crear | Villager (Male) |
| 6:49 | Construir | Lumber Camp |
| 7:31 | Construir | Mining Camp |
| 8:42 | Investigar | Feudal Age |
| 9:35 | Crear | Villager (Male) |
| 9:35 | Crear | Villager (Male) |
| 10:03 | Construir | Barracks |
| 10:51 | Edad | Edad Feudal |
| 10:59 | Investigar | Double-Bit Axe |
| 11:04 | Investigar | Horse Collar |
| 11:14 | Construir | House |
| 11:17 | Construir | House |
| 11:22 | Investigar | Loom |
| 12:02 | Crear | Villager (Male) |
| 12:02 | Crear | Villager (Male) |
| 12:16 | Construir | Farm |
| 12:16 | Construir | Farm |
| 12:16 | Construir | Farm |
| 12:17 | Construir | Farm |
| 12:17 | Construir | Farm |
| 12:17 | Construir | Farm |
| 12:18 | Construir | Farm |
| 13:04 | Construir | Farm |
| 13:11 | Crear | Villager (Male) |
| 13:11 | Crear | Villager (Male) |
| 13:24 | Crear | Villager (Male) |
| 13:50 | Investigar | Gold Mining |
| 14:01 | Construir | Farm |
| 14:04 | Construir | Farm |
| 14:07 | Construir | Farm |
| 14:11 | Construir | Farm |
| 14:15 | Construir | Farm |
| 14:22 | Construir | Farm |
| 14:27 | Crear | Villager (Male) |
| 14:27 | Crear | Villager (Male) |
| 14:35 | Crear | Villager (Male) |
| 15:26 | Construir | Mining Camp |
| 15:31 | Crear | Villager (Male) |
| 15:31 | Crear | Villager (Male) |
| 15:47 | Construir | Blacksmith |
| 16:05 | Construir | Market |
| 16:19 | Crear | Villager (Male) |
| 16:22 | Investigar | Stone Mining |
| 16:32 | Construir | House |
| 16:34 | Construir | House |
| 16:39 | Investigar | Wheelbarrow |
| 17:07 | Investigar | Castle Age |
| 17:24 | Construir | House |
| 17:26 | Construir | House |
| 17:27 | Construir | House |
| 17:28 | Construir | House |
| 17:30 | Construir | House |
| 17:37 | Construir | House |
| 17:39 | Construir | House |
| 18:30 | Construir | Barracks |
| 18:48 | Investigar | Man-at-Arms (upgrade) |
| 18:59 | Crear | Militia ×5 |
| 20:07 | Crear | Villager (Male) |
| 20:07 | Crear | Villager (Male) |
| 20:08 | Crear | Villager (Male) |
| 20:08 | Crear | Villager (Male) |
| 20:34 | Edad | Edad de los Castillos |
| 20:38 | Investigar | Heavy Plow |
| 20:44 | Investigar | Gold Shaft Mining |
| 20:49 | Investigar | Squires |
| 20:56 | Investigar | Long Swordsman (upgrade) |
| 21:09 | Construir | Barracks |
| 21:35 | Construir | Siege Workshop |
| 21:44 | Crear | Militia ×5 |
| 21:49 | Crear | Militia ×3 |
| 22:02 | Crear | Militia ×2 |
| 22:18 | Investigar | Scale Mail Armor |
| 22:42 | Crear | Mangonel |
| 22:53 | Construir | Castle |
| 23:50 | Crear | Militia ×5 |
| 23:58 | Crear | Militia ×5 |
| 24:04 | Crear | Militia |
| 25:01 | Crear | Villager (Male) ×5 |
| 25:14 | Construir | Town Center |
| 25:17 | Investigar | Bow Saw |
| 25:57 | Crear | Mangonel |
| 26:54 | Construir | Monastery |
| 27:02 | Crear | Villager (Male) ×5 |
| 27:25 | Investigar | Caravan |
| 27:33 | Crear | Trade Cart |
| 27:34 | Crear | Trade Cart |
| 27:34 | Crear | Trade Cart |
| 27:43 | Investigar | Chain Mail Armor |
| 27:50 | Crear | Monk |
| 27:59 | Construir | Town Center |
| 29:05 | Crear | Villager (Male) ×5 |
| 29:12 | Crear | Villager (Male) ×5 |
| 29:26 | Construir | Mill |
| 29:27 | Construir | Farm |
| 29:27 | Construir | Farm |
| 29:28 | Construir | Farm |
| 29:28 | Construir | Farm |
| 29:28 | Construir | Farm |
| 29:29 | Construir | Farm |
| 29:29 | Construir | Farm |
| 29:29 | Construir | Farm |
| 29:30 | Construir | Farm |
| 29:34 | Crear | Villager (Male) |
| 29:34 | Crear | Villager (Male) |
| 29:34 | Crear | Villager (Male) |
| 29:54 | Investigar | Forging |
| 30:37 | Crear | Trade Cart |
| 30:37 | Crear | Trade Cart |
| 30:51 | Crear | Villager (Male) |
| 30:51 | Crear | Villager (Male) |
| 30:51 | Crear | Villager (Male) |
| 31:52 | Crear | Villager (Male) ×5 |
| 32:03 | Crear | Battering Ram |
| 32:04 | Crear | Battering Ram |
| 32:04 | Crear | Battering Ram |
| 34:13 | Investigar | Imperial Age |
| 34:20 | Investigar | Hand Cart |
| 34:25 | Crear | Villager (Male) ×5 |
| 34:35 | Construir | Mining Camp |
| 34:40 | Investigar | Iron Casting |
| 36:40 | Crear | Militia ×5 |
Cronología de la partida
| 9:36 | MezcalChief · first_building Barracks |
| 10:03 | Cow · first_building Barracks |
| 10:04 | lalulelilo · age_up feudal |
| 10:20 | PilotePSP · first_building Barracks |
| 10:44 | MezcalChief · age_up feudal |
| 10:51 | Cow · age_up feudal |
| 11:16 | 285058791 · first_building Barracks |
| 11:25 | Aurora · age_up feudal |
| 11:38 | Bélisaire · first_building Barracks |
| 11:48 | MezcalChief · first_building Archery Range |
| 11:58 | MezcalChief · first_building Stable |
| 12:07 | PilotePSP · age_up feudal |
| 12:46 | 285058791 · age_up feudal |
| 12:57 | BlackDrag0n · age_up feudal |
| 13:11 | PilotePSP · first_building Stable |
| 13:34 | Bélisaire · age_up feudal |
| 14:54 | lalulelilo · age_up castle |
| 15:30 | Aurora · first_building Barracks |
| 16:03 | 285058791 · wall_segment Stone Wall x10 |
| 16:08 | 285058791 · wall_segment Stone Wall x18 |
| 16:12 | Bélisaire · first_building Stable |
| 16:46 | MezcalChief · first_market_buy 100 food |
| 16:47 | MezcalChief · first_market_sell 100 wood |
| 16:51 | BlackDrag0n · first_building Barracks |
| 16:52 | PilotePSP · age_up castle |
| 17:02 | Aurora · first_building Archery Range |
| 17:15 | PilotePSP · first_building Castle |
| 17:33 | lalulelilo · first_market_sell 100 wood |
| 17:38 | lalulelilo · first_market_buy 100 food |
| 17:56 | PilotePSP · first_building Siege Workshop |
| 17:59 | Aurora · age_up castle |
| 18:01 | Bélisaire · first_building Archery Range |
| 18:35 | BlackDrag0n · first_building Archery Range |
| 19:09 | Bélisaire · age_up castle |
| 19:15 | 285058791 · age_up castle |
| 19:35 | MezcalChief · age_up castle |
| 19:40 | Aurora · first_building Siege Workshop |
| 20:22 | 285058791 · first_building Stable |
| 20:34 | Cow · age_up castle |
| 20:38 | PilotePSP · first_market_buy 100 wood |
| 21:35 | Cow · first_building Siege Workshop |
| 21:48 | BlackDrag0n · age_up castle |
| 21:57 | BlackDrag0n · first_building Castle |
| 22:42 | Bélisaire · first_building Monastery |
| 22:50 | lalulelilo · first_building Barracks |
| 22:53 | Cow · first_building Castle |
| 23:30 | lalulelilo · first_building Castle |
| 23:40 | Bélisaire · first_building Siege Workshop |
| 24:19 | Bélisaire · first_building Castle |
| 24:20 | 285058791 · first_building Siege Workshop |
| 24:58 | PilotePSP · first_market_sell 100 food |
| 25:01 | 285058791 · first_building Monastery |
| 25:45 | 285058791 · wall_segment Stone Wall x1 |
| 26:11 | BlackDrag0n · first_building Monastery |
| 26:40 | MezcalChief · first_building Castle |
| 26:41 | 285058791 · first_building Castle |
| 26:54 | Cow · first_building Monastery |
| 27:23 | lalulelilo · first_building Stable |
| 27:57 | Bélisaire · age_up imperial |
| 28:07 | Aurora · first_building Castle |
| 28:39 | BlackDrag0n · wall_segment Stone Wall x19 |
| 29:40 | lalulelilo · age_up imperial |
| 30:07 | 285058791 · wall_segment Stone Wall x4 |
| 32:46 | 285058791 · age_up imperial |
| 33:18 | MezcalChief · age_up imperial |
| 33:19 | BlackDrag0n · wall_segment Stone Wall x4 |
| 33:42 | lalulelilo · wall_segment Stone Wall x19 |
| 33:44 | PilotePSP · age_up imperial |
| 34:08 | MezcalChief · first_building Siege Workshop |
| 34:35 | lalulelilo · first_building Archery Range |
| 37:16 | lalulelilo · wall_segment Palisade Wall x1 |
| 37:20 | lalulelilo · wall_segment Palisade Wall x6 |
| 37:23 | Cow · age_up imperial |
| 38:08 | BlackDrag0n · age_up imperial |
| 38:56 | BlackDrag0n · first_market_sell 100 food |
| 38:58 | lalulelilo · first_building Siege Workshop |
| 39:00 | BlackDrag0n · first_market_buy 100 wood |
| 43:28 | Cow · first_market_buy 500 food |
| 44:26 | BlackDrag0n · resign |
[ ANÁLISIS IA · 1 CRÉDITO ]
¿Qué pasó realmente en esta partida?
Wolo.gg analiza cada decisión: build order, eco, micro, errores típicos por bracket. Análisis personalizado por WhatsApp o Discord en 30 segundos.
Guía civ
Turcos
Perfil
Jugador #1162095